 Dungeon Crawl Stone Soup version 0.28.0-45-g0d030f2227 (webtiles) character file.

Game seed: 3079948900520932122

21 101zpm the Chiller (level 2, -1/20 HPs)
             Began as a Gnoll Ice Elementalist on Apr 21, 2022.
             Slain by an orc
             ... wielding a +0 dagger
              (3 damage)
             ... on level 3 of the Dungeon.
             The game lasted 00:01:12 (544 turns).

101zpm the Chiller (Gnoll Ice Elementalist)          Turns: 544, Time: 00:01:13

Health: -1/20      AC:  2    Str:  7    XL:     2   Next: 83%
Magic:  4/7        EV: 13    Int: 14    God:
Gold:   8          SH:  0    Dex: 12    Spells: 9/10 levels left

rFire   . . .      SeeInvis .   (no weapon)
rCold   . . .      Faith    .   (no shield)
rNeg    . . .      Spirit   .   a - +0 robe
rPois   .          Reflect  .   (no helmet)
rElec   .          Harm     .   (no cloak)
rCorr   .          Rampage  .   (no gloves)
Will    .....                   (no boots)
Stlth   ++........              (no amulet)
HPRegen 0.06/turn               (no ring)
MPRegen 0.10/turn               (no ring)

@: no status effects
A: fangs 1, strong nose, distributed training
a: no special abilities


You were on level 3 of the Dungeon.
You visited 1 branch of the dungeon, and saw 3 of its levels.

You collected 8 gold pieces.

Inventory:

Armour
 a - a +0 robe (worn)
Jewellery
 e - an amulet of magic regeneration
Scrolls
 b - a scroll of teleportation {unknown}
Potions
 c - a potion of mutation {unknown}
 d - a potion of might {unknown}


   Skills:
 + Level 0.5 Fighting
 + Level 0.5 Short Blades
 + Level 0.5 Long Blades
 + Level 0.5 Axes
 + Level 0.5 Maces & Flails
 + Level 0.5 Polearms
 + Level 0.5 Staves
 + Level 0.5 Slings
 + Level 0.5 Bows
 + Level 0.5 Crossbows
 + Level 0.5 Throwing
 + Level 0.5 Armour
 + Level 4.5 Dodging
 + Level 4.1 Stealth
 + Level 0.5 Shields
 + Level 0.5 Unarmed Combat
 + Level 4.9 Spellcasting
 + Level 0.3 Conjurations
 + Level 0.3 Hexes
 + Level 0.3 Summonings
 + Level 0.3 Necromancy
 + Level 0.3 Translocations
 + Level 0.3 Transmutations
 + Level 0.3 Fire Magic
 + Level 7.0 Ice Magic
 + Level 0.3 Air Magic
 + Level 0.3 Earth Magic
 + Level 0.3 Poison Magic
 + Level 0.6 Invocations
 + Level 0.5 Evocations


You had 9 spell levels left.
You knew the following spells:

 Your Spells              Type           Power      Damage    Failure   Level
a - Freeze                Ice            92%        1d10      1%          1

Your spell library contained the following spells:

 Spells                   Type           Power      Damage    Failure   Level
 Frozen Ramparts          Ice            46%        1d6       3%          3
 Ozocubu's Armour         Ice            23%        N/A       3%          3
 Hailstorm                Conj/Ice       13%        3d5       36%         4


Dungeon Overview and Level Annotations

Branches:
Dungeon (3/15)

Altars:


Innate Abilities, Weirdness & Mutations

You have very sharp teeth.
Your uncanny sense of smell can sniff out nearby items.
Your experience applies equally to all skills.


Message History

You freeze the endoplasm.
The endoplasm is heavily wounded.
The ball python hisses angrily.
The endoplasm hits you.
Aiming: Freeze (safe; 1% risk of failure)
Press: ? - help, Q - select action Shift-Dir - straight line, f/p - endoplasm
Aim: an endoplasm (heavily wounded)
You freeze the endoplasm!
You kill the endoplasm!
The ball python closely misses you. x2
Aiming: Freeze (safe; 1% risk of failure)
Press: ? - help, Q - select action Shift-Dir - straight line, f - ball python
Aim: a ball python You freeze the ball python!
You kill the ball python!
There is a stone staircase leading down here.
You climb downwards.
The orc shouts!
Found 9 gold pieces.
Found a stone staircase leading down.
There is a stone staircase leading up here.
The orc shouts!
Found a glowing zirconium amulet.
You see here an amulet of magic regeneration.
e - an amulet of magic regeneration You start putting on your amulet.
You continue putting on your amulet of magic regeneration. x2
The orc hits you but does no damage.
Keep equipping yourself? [Y]es or [N]o only, please.
Keep equipping yourself? [Y]es or [N]o only, please.
Keep equipping yourself?
You continue putting on your amulet of magic regeneration.
The orc hits you with a +0 mace.
You continue putting on your amulet of magic regeneration.
The orc hits you with a +0 dagger. The orc hits you with a +0 mace!
* * * LOW HITPOINT WARNING * * *
You continue putting on your amulet of magic regeneration.
The orc hits you with a +0 dagger.
You die...

.o......#.#...
...o.........
.........#.#
.....#.$<..#
..
...#.#.####...
##.#.#........
#.............
#.oo..>.......
#.@...........
#.............
#######.......
.......
.......
....... ∆
.....


You could see 3 orcs.

Vanquished Creatures
  An adder (D:2)
  2 endoplasms (D:2)
  3 kobolds (D:2)
  3 ball pythons
  A goblin (D:2)
  3 rats
13 creatures vanquished.

Notes
Turn   | Place    | Note
-------+----------+-------------------------------------------
     0 | D:1      | 101zpm the Gnoll Ice Elementalist began the quest for the
                  | Orb.
     0 | D:1      | Reached XP level 1. HP: 13/13 MP: 6/6
   352 | D:2      | Reached XP level 2. HP: 13/20 MP: 3/7
   544 | D:3      | Slain by an orc

Illustrated notes

Levels and vault maps discovered:
D:1:      scummos_arrival_simple_crosswalls, layout_basic, st_stairs_13
D:2:      minmay_chambers_of_twos, layout_basic, chequers_avenue,
          minmay_joined_circles
D:3:      layout_basic, serial_shops, shop,
          shapermc_ecumenical_altar_hornbeckon, guppyfry_early_lair_pool

Action                   || total
-------------------------++-------
Melee: Unarmed           ||     1
 Cast: Freeze            ||    20
Armor: Robe              ||     1
Dodge: Dodged            ||    11
